 Dungeon Crawl Stone Soup version 0.29-a0-121-g8efb068a30 (webtiles) character file.

Game seed: 13738453455228764288

3423 Gargoyl the Chopper (level 10, -6/61 HPs)
             Began as a Gargoyle Abyssal Knight on Feb 20, 2022.
             Was an Elder of Lugonu.
             Mangled by a red ugly thing (11 damage)
             ... on level 8 of the Dungeon.
             The game lasted 00:11:25 (9226 turns).

Gargoyl the Chopper (Gargoyle Abyssal Knight)       Turns: 9226, Time: 00:11:26

Health: -6/61      AC: 23    Str: 25    XL:     10   Next: 5%
Magic:  15/15      EV: 11    Int: 10    God:    Lugonu [****..]
Gold:   401        SH:  0    Dex: 10    Spells: 9/9 levels left

rFire   + . .      SeeInvis +   a - +4 hand axe (venom)
rCold   . . .      Faith    .   (no shield)
rNeg    + + +      Spirit   .   B - +1 scale mail of the Blessed Realm {Slay+2 SInv}
rPois   ∞          Reflect  .   u - +0 helmet
rElec   +          Harm     .   l - +1 cloak
rCorr   .          Rampage  .   d - +2 pair of gloves
Will    .....                   (no boots)
Stlth   ..........              (no amulet)
HPRegen 0.20/turn               b - ring of Naazahaungo {rElec rF+ rN+ Str+3}
MPRegen 0.14/turn               i - ring of positive energy

@: no status effects
A: sickness immunity, AC +7, negative energy resistance 1, electricity
resistance, torment resistance 1, petrification resistance
a: Renounce Religion, Depart the Abyss, Bend Space, Banish, Corrupt


You were on level 8 of the Dungeon.
You worshipped Lugonu.
Lugonu was greatly pleased with you.
You visited 1 branch of the dungeon, and saw 8 of its levels.
You visited the Abyss 1 time.
You also visited: Sewer.

You collected 491 gold pieces.
You spent 90 gold pieces at shops.

Inventory:

Hand Weapons
 a - a +4 hand axe of venom (weapon)
 r - the +4 long sword of Uncertain Death {vorpal, +Blink rC+ Dex+4}
   (You found it on level 4 of the Dungeon)

   It inflicts extra damage upon your enemies.
   Dex:       It affects your dexterity (+4).
   rC:        It protects you from cold.
   +Blink:    It lets you blink.
 x - a +3 war axe
Missiles
 g - 2 throwing nets
 o - 4 poisoned darts (quivered)
Armour
 d - a +2 pair of gloves (worn)
 l - a +1 cloak (worn)
 u - a +0 helmet (worn)
 B - the +1 scale mail of the Blessed Realm (worn) {Slay+2 SInv}
   (You found it on level 6 of the Dungeon)

   Slay:      It affects your accuracy & damage with ranged weapons and melee
   (+2).
   SInv:      It lets you see invisible.
Jewellery
 b - the ring of Naazahaungo (left hand) {rElec rF+ rN+ Str+3}
   (You acquired it on level 2 of the Dungeon)

   [ring of protection from fire]

   Str:       It affects your strength (+3).
   rF:        It protects you from fire.
   rElec:     It insulates you from electricity.
   rN:        It protects you from negative energy.
 e - a ring of protection from fire
 i - a ring of positive energy (right hand)
 q - a +4 ring of protection
 w - a +4 ring of protection
Wands
 f - a wand of paralysis (5)
 y - a wand of mindburst (16)
Scrolls
 k - 6 scrolls of identify
 n - 2 scrolls of magic mapping
 s - 2 scrolls of fog
 v - 6 scrolls of teleportation
 C - a scroll of fear
Potions
 c - a potion of haste
 h - a potion of heal wounds
 j - 2 potions of cancellation
 m - 7 potions of curing
 p - a potion of ambrosia
 t - 3 potions of might
 z - a potion of brilliance
 A - 2 potions of flight
 D - a potion of mutation {unknown}


   Skills:
 + Level 6.4 Fighting
 + Level 7.8 Axes
 + Level 0.8 Throwing
 + Level 7.0 Armour
 + Level 3.3 Dodging
 + Level 1.2 Stealth
 * Level 7.3 Invocations


You had 9 spell levels left.
You didn't know any spells.
Your spell library contained the following spells:

 Spells                   Type           Power      Damage    Failure   Level
 Animate Skeleton         Necr           0%         N/A       63%         1
 Apportation              Tloc           0%         N/A       63%         1
 Slow                     Hex            0%         N/A       63%         1
 Summon Small Mammal      Summ           0%         N/A       63%         1
 Blink                    Tloc           0%         N/A       77%         2
 Scorch                   Fire           0%         2d5       77%         2
 Confusing Touch          Hex            0%         N/A       94%         3
 Inner Flame              Hex/Fire       0%         N/A       94%         3
 Lesser Beckoning         Tloc           0%         N/A       94%         3
 Tukima's Dance           Hex            0%         N/A       94%         3
 Vampiric Draining        Necr           0%         2d6       94%         3
 Anguish                  Hex/Necr       0%         N/A       100%        4
 Cause Fear               Hex            0%         N/A       100%        4
 Flame Wave               Conj/Fire      0%         2d4       100%        4
 Freezing Cloud           Conj/Ice/Air   0%         6-21      100%        5
 Manifold Assault         Tloc           0%         N/A       100%        5
 Conjure Ball Lightning   Conj/Air       0%         3x3d6     100%        6
 Simulacrum               Ice/Necr       0%         N/A       100%        6
 Summon Cactus Giant      Summ           0%         N/A       100%        6
 Enfeeble                 Hex            0%         N/A       100%        7
 Discord                  Hex            0%         N/A       100%        8
 Disjunction              Tloc           0%         N/A       100%        8
 Polar Vortex             Ice            0%         N/A       100%        9


Dungeon Overview and Level Annotations

Branches:
Dungeon (8/15)             Temple (0/1) D:6           Sewer (visited)
   Lair: D:8-11

Altars:
Qazlal
Sif Muna
Trog
Zin

Shops:
D:3 ?   D:7 (


Innate Abilities, Weirdness & Mutations

You are immune to sickness and miasma.
Your stone body is resilient. (AC +7)
You are immune to poison.
You resist negative energy. (rN+)
You are resistant to electric shocks. (rElec)
You are resistant to unholy torment.
You are immune to petrification.


Message History

The red ugly thing barely misses you.
You slash the red ugly thing!
The red ugly thing is lightly wounded.
The red ugly thing tail-slaps you but does no damage.
You closely miss the red ugly thing.
The red ugly thing is lightly wounded.
The red ugly thing closely misses you.
You slash the red ugly thing!
The red ugly thing is poisoned.
The red ugly thing is moderately wounded.
The red ugly thing tail-slaps you but does no damage.
You barely miss the red ugly thing.
The red ugly thing is moderately wounded.
The red ugly thing tail-slaps you but does no damage.
You hit the red ugly thing.
The red ugly thing is heavily wounded.
The red ugly thing tail-slaps you but does no damage.
You barely miss the red ugly thing.
The red ugly thing is heavily wounded.
The red ugly thing tail-slaps you but does no damage.
You hit the red ugly thing.
The red ugly thing is heavily wounded.
The red ugly thing tail-slaps you.
You are engulfed in flames!
You resist.
You slash the red ugly thing!
The red ugly thing is severely wounded.
The red ugly thing tail-slaps you!
You are engulfed in flames!
You resist.
You barely miss the red ugly thing.
The red ugly thing is heavily wounded.
The red ugly thing tail-slaps you but does no damage.
You barely miss the red ugly thing.
The red ugly thing is heavily wounded.
The red ugly thing tail-slaps you.
You are engulfed in flames!
You resist.
* * * LOW HITPOINT WARNING * * *
You hit the red ugly thing.
The red ugly thing looks as sick as possible!
The red ugly thing is heavily wounded.
Unknown command.
The red ugly thing tail-slaps you!
* * * LOW HITPOINT WARNING * * *
You are engulfed in flames!
You resist.
You die...

≈.... .. ≈..# #.#
≈..# #.# ..## #.#
...# #.# ##.#
#<######### #.##
#.##......#
#..####.....###.####
##..'.(#........@u..#
...##.(#.###..##.##.#
....####.# #.)##.##.#
#.### #.## #..##....#
#.# #.# #..#####.#
#.#####.# #..# #.#
#.......# #.... ..#
#.####### #..#..#...
..# #.##[....#


You could see a red ugly thing (extremely poisoned).

Vanquished Creatures
  A death yak (D:7)
  Sigmund (D:4)
  Menkaure (D:6)
  Edmund (D:6)
  2 sky beasts
  An ice beast (D:8)
  2 ogres
  2 necrophages (D:6)
  A centaur (D:7)
  3 phantoms
  Blork the orc (D:4)
  3 scorpions
  8 wights (D:6)
  A bullfrog zombie (D:6)
  2 centaur zombies
  2 hounds
  2 jellies (D:7)
  An orc priest (D:7)
  A bullfrog skeleton (D:5)
  Jessica (D:2)
  4 iguanas
  Natasha (twice) (D:2)
  3 orc wizards
  A hell rat (Sewer)
  A howler monkey zombie (D:6)
  11 gnolls
  14 adders
  5 river rats (Sewer)
  A shadow imp (D:7)
  A white imp (D:5)
  2 worms
  A dart slug (D:1)
  18 orcs
  11 endoplasms
  7 giant cockroaches
  8 goblins
  16 hobgoblins
  11 kobolds
  4 quokkas
  7 ball pythons
  10 bats
  3 frilled lizards
  7 rats
185 creatures vanquished.

Vanquished Creatures (others)
  A wizard (D:4)
1 creature vanquished.

Grand Total: 186 creatures vanquished

Notes
Turn   | Place    | Note
-------+----------+-------------------------------------------
     0 | Abyss:1  | Gargoyl the Gargoyle Abyssal Knight began the quest for the
                  | Orb.
     0 | Abyss:1  | Reached XP level 1. HP: 14/14 MP: 2/2
     0 | D:1      | Escaped the Abyss
    56 | D:1      | Reached * piety under Lugonu
   119 | D:1      | Reached XP level 2. HP: 17/19 MP: 3/3
   381 | D:1      | Reached XP level 3. HP: 16/24 MP: 4/4
   947 | D:2      | Reached ** piety under Lugonu
   977 | D:2      | Identified a scroll of acquirement
   977 | D:2      | Acquired the ring of Naazahaungo {rElec rF+ rN+ Str+3}
  1066 | D:2      | Reached XP level 4. HP: 28/29 MP: 4/6
  1086 | D:2      | Noticed Jessica
  1093 | D:2      | Killed Jessica
  1462 | D:2      | Reached XP level 5. HP: 33/33 MP: 7/7
  1465 | D:2      | Reached skill level 1 in Dodging
  1781 | D:2      | Noticed Natasha
  1813 | D:2      | Killed Natasha
  2612 | D:2      | Noticed Natasha
  2621 | D:2      | Killed Natasha
  2622 | D:2      | Reached XP level 6. HP: 36/38 MP: 9/9
  2771 | D:2      | Found a faded altar of an unknown god.
  3517 | D:3      | Reached *** piety under Lugonu
  3914 | D:3      | Found Qoakom's Magic Scroll Shoppe.
  3936 | D:3      | Bought a scroll of enchant weapon for 90 gold pieces
  4213 | D:4      | Reached skill level 1 in Stealth
  4223 | D:4      | Reached XP level 7. HP: 42/44 MP: 10/10
  4235 | D:4      | Identified the +4 long sword of Uncertain Death {vorpal,
                  | +Blink rC+ Dex+4}
  4443 | D:4      | Noticed Sigmund
  4455 | D:4      | Killed Sigmund
  4749 | D:4      | Found a bloodstained altar of Trog.
  4751 | D:4      | Noticed a wizard
  4776 | D:4      | Noticed Blork the orc
  4796 | D:4      | Killed Blork the orc
  4797 | D:4      | Reached skill level 5 in Fighting
  4797 | D:4      | Reached skill level 5 in Invocations
  5277 | D:4      | Killed a wizard
  5713 | D:5      | Entered Level 5 of the Dungeon
  5734 | D:5      | Reached XP level 8. HP: 49/49 MP: 11/11
  5786 | D:5      | Found a stormy altar of Qazlal.
  6148 | D:5      | Found a glowing drain.
  6167 | Sewer    | Entered a sewer
  6184 | Sewer    | Reached skill level 5 in Armour
  6191 | Sewer    | Reached **** piety under Lugonu
  6293 | Sewer    | Reached skill level 5 in Axes
  6763 | D:6      | Noticed Edmund
  6778 | D:6      | Killed Edmund
  6860 | D:6      | Found a staircase to the Ecumenical Temple.
  6932 | D:6      | Identified the +1 scale mail of the Blessed Realm {Slay+2
                  | SInv}
  6996 | D:6      | Reached XP level 9. HP: 19/54 MP: 13/13
  7497 | D:6      | Found a glowing silver altar of Zin.
  7498 | D:6      | Noticed an angel
  7632 | D:6      | Noticed Menkaure
  7646 | D:6      | Killed Menkaure
  7881 | D:7      | Found Bauvobog's Weapon Shoppe.
  8532 | D:8      | Found a shimmering blue altar of Sif Muna.
  8705 | D:8      | Noticed a death yak
  8706 | D:8      | Noticed a death yak
  8706 | D:8      | Noticed a death yak
  8706 | D:8      | Noticed a death yak
  8757 | D:7      | Killed a death yak
  8758 | D:7      | Reached XP level 10. HP: 15/61 MP: 15/15
  9211 | D:8      | Noticed a red ugly thing
  9226 | D:8      | Mangled by a red ugly thing

Illustrated notes

Levels and vault maps discovered:
D:1:      onia_arrival_pentagram, layout_basic, minmay_tromino_v7
D:2:      layout_loops_ring, shapermc_ecumenical_altar_hornbeckon, uniq_natasha,
          uniq_jessica
D:3:      corexii_shack_village, layout_basic, serial_shops, shop,
          grunt_decor_cap, kennysheep_crisscross, st_stairs_6,
          serial_bayou_pond_b, minmay_curled_crystal, minmay_pentomino_pile
D:4:      layout_layer_cave, trog_wizard, eino_small_chamber_without_monster,
          nrook_mini_backslash, kennysheep_opposing_triangles,
          uniq_blork_the_orc, uniq_sigmund
D:5:      layout_basic, nicolae_qazlal_general_emergency, gup_sewer_entry_glass,
          minmay_misc_feat_tower
D:6:      layout_rooms, zin_angel, minmay_temple_entry_gardened_gates,
          uniq_menkaure, uniq_edmund
D:7:      layout_basic, serial_shops, nicolae_shop_bloodbath_and_beyond
D:8:      layout_loops_ring, mainiacjoe_overflow_catwalk, kennysheep_little_box,
          dpeg_lair_monsters, gammafunk_ghost_hive, supply_closet_lemuel,
          minmay_misc_feat_five, uniq_pikel

Skill      XL: |  1  2  3  4  5  6  7  8  9 10 |
---------------+-------------------------------+-----
Axes           | 2 3 4 5 7 |  7.8
Fighting       | 4 5 6 |  6.4
Invocations    | 3 4 5 6 7 |  7.3
Armour         | 3 4 5 6 7 |  7.0
Dodging        | 1 2 3 |  3.3
Stealth        | 1 |  1.2
Throwing       | |  0.8

Action                   |  1- 3 |  4- 6 |  7- 9 | 10-12 || total
-------------------------+-------+-------+-------+-------++-------
Melee: Hand axe          |    89 |   247 |   296 |    19 ||   651
       Punch             |     1 |     4 |     6 |       ||    11
Throw: Dart              |       |       |     6 |       ||     6
Invok: Depart the Abyss  |     1 |       |       |       ||     1
       Bend Space        |       |       |     2 |       ||     2
Evoke: Wand              |       |     3 |       |       ||     3
  Use: Scroll            |     2 |    10 |    12 |       ||    24
       Potion            |       |     3 |     2 |       ||     5
 Stab: Paralysed         |       |     8 |       |       ||     8
Armor: Scale mail        |    53 |   138 |   113 |     9 ||   313
       Leather armour    |     4 |       |       |       ||     4
       Plate armour      |       |       |    63 |       ||    63
Dodge: Dodged            |    49 |   167 |   145 |     6 ||   367

Table legend: (Time is in decaauts)
 A = Elapsed time spent in this place.
 B = Non-inter-level travel time spent in this place.
 C = Inter-level travel time spent in this place.
 D = Time resting spent in this place.
 E = Time spent auto-exploring this place.
 F = Levels seen in this place.
 G = Mean time per level.
                   A        B        C        D        E       F      G
               +--------+--------+--------+--------+--------+-----+--------+
         Total |   9320 |   9125 |    195 |   1070 |   6067 |  10 |  932.0 |
       Dungeon |   9159 |   8964 |    195 |   1070 |   5986 |   8 | 1144.9 |
         Abyss |      0 |      0 |      0 |      0 |      0 |   1 |    0.0 |
         Sewer |    160 |    160 |      0 |      0 |     81 |   1 |  160.0 |
               +--------+--------+--------+--------+--------+-----+--------+

Top non-repeatable levels by time:
     D:2: 1665 daAuts
     D:4: 1561 daAuts
     D:3: 1385 daAuts
     D:1: 1180 daAuts
     D:7: 1121 daAuts
     D:6: 1109 daAuts
     D:5: 842 daAuts
     D:8: 293 daAuts
   Sewer: 160 daAuts
